TOP OF THE 1ST |
Chester Pirates batting - Pitching for New Jersey Devils : RHP Dan Mathews
|
Pitching: RHP Dan Mathews
|
|
Batting: RHB Ryan LeSueur
|
0-0: Called Strike 0-1: Swinging Strike 0-2: Foul Ball, location: 2F 0-2: Ball 1-2: Foul Ball, location: 2F 1-2: Foul Ball, location: 2F 1-2: Ground out 5-3 (Groundball, 56S, EV 86.2 MPH)
|
Batting: RHB Hidesuke Yoshida
|
0-0: Ball 1-0: Ball 2-0: Called Strike 2-1: Ball 3-1: Ground out U3 (Groundball, 3, EV 81.9 MPH)
|
Batting: RHB Ricky Alvarado
|
0-0: Ball 1-0: DOUBLE (Line Drive, 7LM, EV 108.1 MPH)
|
Batting: RHB Jason Rhodes
|
0-0: Called Strike 0-1: Foul Ball, location: 2F 0-2: Ball 1-2: Fly out, F8 (Line Drive, 78M, EV 93.8 MPH)
|
Top of the 1st over - 0 runs, 1 hit, 0 errors, 1 left on base; Chester 0 - New Jersey 0 |
BOTTOM OF THE 1ST |
New Jersey Devils batting - Pitching for Chester Pirates : RHP Andres Guillen
|
Pitching: RHP Andres Guillen
|
|
Batting: LHB Randolph Brodbeck
|
0-0: Ball 1-0: Called Strike 1-1: Ground out 3-1 (Groundball, 34, EV 83.1 MPH)
|
Batting: RHB Eric Zylstra
|
0-0: Ball 1-0: Ground out 4-3 (Groundball, 4, EV 84.4 MPH)
|
Batting: RHB Chris Artz
|
0-0: Ball 1-0: Ball 2-0: Called Strike 2-1: Ball 3-1: Base on Balls
|
Batting: LHB Lupe Garcia
|
0-0: Swinging Strike 0-1: Ball 1-1: Ball 2-1: Fly out, F9 (Line Drive, 9LS, EV 103.8 MPH)
|
Bottom of the 1st over - 0 runs, 0 hits, 0 errors, 1 left on base; Chester 0 - New Jersey 0 |
TOP OF THE 2ND |
Chester Pirates batting - Pitching for New Jersey Devils : RHP Dan Mathews
|
Batting: RHB Erik Mulligan
|
0-0: Ball 1-0: Swinging Strike 1-1: Ball 2-1: Ball 3-1: Called Strike 3-2: Ground out 6-3 (Groundball, 56, EV 81.9 MPH)
|
Batting: RHB Rafael Galicia
|
0-0: Ball 1-0: Ball 2-0: Fly out, F9 (Flyball, 89S, EV 81.9 MPH)
|
Batting: LHB Damien Cohen
|
0-0: Ball 1-0: Called Strike 1-1: Called Strike 1-2: Foul Ball, location: 2F 1-2: Foul Ball, location: 2F 1-2: Strikes out swinging
|
Top of the 2nd over - 0 runs, 0 hits, 0 errors, 0 left on base; Chester 0 - New Jersey 0 |
BOTTOM OF THE 2ND |
New Jersey Devils batting - Pitching for Chester Pirates : RHP Andres Guillen
|
Batting: RHB Craig Alvarado
|
0-0: Ball 1-0: Swinging Strike 1-1: Foul Ball, location: 2F 1-2: Ball 2-2: Ball 3-2: Foul Ball, location: 2F 3-2: Strikes out swinging
|
Batting: RHB Sergio Andrada
|
0-0: Foul Ball, location: 2F 0-1: Foul Ball, location: 2F 0-2: Ball 1-2: Strikes out looking
|
Batting: SHB Ernesto Mazas
|
0-0: Ball 1-0: Foul Ball, location: 2F 1-1: Swinging Strike 1-2: Foul Ball, location: 2F 1-2: Ball 2-2: Fly out, F9 (Flyball, 9D, EV 90.6 MPH)
|
Bottom of the 2nd over - 0 runs, 0 hits, 0 errors, 0 left on base; Chester 0 - New Jersey 0 |
TOP OF THE 3RD |
Chester Pirates batting - Pitching for New Jersey Devils : RHP Dan Mathews
|
Batting: RHB Matt Derrien
|
0-0: Called Strike 0-1: Called Strike 0-2: DOUBLE (Line Drive, 78D, EV 107.5 MPH)
|
Batting: RHB Francisco Santos
|
0-0: Called Strike 0-1: Foul Ball, location: 2F 0-2: Strikes out looking
|
Batting: RHB Ryan LeSueur
|
0-0: Called Strike 0-1: Ball 1-1: Foul Ball, location: 2F 1-2: Reached via error on a dropped throw from 1B, E1 (Groundball, 34S, EV 78.8 MPH) Matt Derrien to third
|
Batting: RHB Hidesuke Yoshida
|
0-0: Ball 1-0: Fielders Choice at 2nd, 6-4 (Groundball, 6M, EV 110.0 MPH) Matt Derrien scores
|
Batting: RHB Ricky Alvarado
|
0-0: Ball Hidesuke Yoshida steals 2nd base 1-0: Called Strike 1-1: Ball 2-1: Ball 3-1: Foul Ball, location: 2F 3-2: 2-RUN HOME RUN (Flyball, 78XD, EV 109.4 MPH), Distance : 423 ft
|
Batting: RHB Jason Rhodes
|
0-0: Ball 1-0: Ball 2-0: Called Strike 2-1: Fly out, F8 (Flyball, 8RD, EV 90.6 MPH)
|
Top of the 3rd over - 3 runs, 2 hits, 1 error, 0 left on base; Chester 3 - New Jersey 0 |
BOTTOM OF THE 3RD |
New Jersey Devils batting - Pitching for Chester Pirates : RHP Andres Guillen
|
Batting: RHB Oscar Ramirez
|
0-0: Called Strike 0-1: Called Strike 0-2: Strikes out swinging
|
Batting: RHB Carlos Saldivar
|
0-0: Ball 1-0: Ball 2-0: Ground out 5-3 (Groundball, 56, EV 80.0 MPH)
|
Batting: LHB Randolph Brodbeck
|
0-0: Called Strike 0-1: Ball 1-1: Foul Ball, location: 2F 1-2: DOUBLE (Flyball, 78D, EV 100.6 MPH)
|
Batting: RHB Eric Zylstra
|
0-0: Called Strike 0-1: Ball 1-1: Ball 2-1: Foul Ball, location: 2F 2-2: Foul Ball, location: 2F 2-2: Ball 3-2: SINGLE (Groundball, 34D, EV 104.4 MPH) Randolph Brodbeck to third
|
Batting: RHB Chris Artz
|
0-0: Ball 1-0: Foul Ball, location: 2F 1-1: Ball 2-1: Fly out, F3 (Popup, 23F, EV 85.0 MPH)
|
Bottom of the 3rd over - 0 runs, 2 hits, 0 errors, 2 left on base; Chester 3 - New Jersey 0 |
TOP OF THE 4TH |
Chester Pirates batting - Pitching for New Jersey Devils : RHP Dan Mathews
|
Batting: RHB Erik Mulligan
|
0-0: Ball 1-0: Ball 2-0: Ball 3-0: Called Strike 3-1: Called Strike 3-2: Base on Balls
|
Batting: RHB Rafael Galicia
|
0-0: Called Strike 0-1: Foul Ball, location: 2F 0-2: Ball 1-2: Strikes out swinging
|
Batting: LHB Damien Cohen
|
0-0: Ball 1-0: Ball 2-0: Called Strike 2-1: Ball 3-1: SINGLE (Line Drive, 8RS, EV 112.5 MPH) Erik Mulligan to second
|
Batting: RHB Matt Derrien
|
0-0: Called Strike 0-1: Ball Erik Mulligan steals 3rd base 1-1: Fly out, F8 (Flyball, 89M, EV 72.5 MPH)
|
Batting: RHB Francisco Santos
|
0-0: Called Strike 0-1: Swinging Strike 0-2: Ball 1-2: Strikes out swinging
|
Top of the 4th over - 0 runs, 1 hit, 0 errors, 2 left on base; Chester 3 - New Jersey 0 |
BOTTOM OF THE 4TH |
New Jersey Devils batting - Pitching for Chester Pirates : RHP Andres Guillen
|
Batting: LHB Lupe Garcia
|
0-0: Ball 1-0: Called Strike 1-1: Ball 2-1: Ball 3-1: Swinging Strike 3-2: Foul Ball, location: 2F 3-2: Strikes out swinging, 2-3 out at first.
|
Batting: RHB Craig Alvarado
|
0-0: Ball 1-0: Foul Ball, location: 2F 1-1: Ball 2-1: Ground out 6-3 (Groundball, 6, EV 106.9 MPH)
|
Batting: RHB Sergio Andrada
|
0-0: Called Strike 0-1: Called Strike 0-2: Strikes out looking
|
Bottom of the 4th over - 0 runs, 0 hits, 0 errors, 0 left on base; Chester 3 - New Jersey 0 |
TOP OF THE 5TH |
Chester Pirates batting - Pitching for New Jersey Devils : RHP Dan Mathews
|
Batting: RHB Ryan LeSueur
|
0-0: Ball 1-0: Called Strike 1-1: Ball 2-1: Swinging Strike 2-2: Ball 3-2: Base on Balls
|
Batting: RHB Hidesuke Yoshida
|
0-0: Ball 1-0: Ball 2-0: Ball 3-0: Foul Ball, location: 2F 3-1: SINGLE (Groundball, 5S, EV 63.1 MPH) (infield hit) Ryan LeSueur to second
|
Batting: RHB Ricky Alvarado
|
0-0: Swinging Strike 0-1: Ball 1-1: Ball Ryan LeSueur steals 3rd base Hidesuke Yoshida to second 2-1: Foul Ball, location: 2F 2-2: TRIPLE (Flyball, 78XD, EV 96.2 MPH) Ryan LeSueur scores Hidesuke Yoshida scores
|
Pitching: RHP Jean-Pierre Carpentier
|
|
Batting: RHB Jason Rhodes
|
0-0: Ball 1-0: Swinging Strike 1-1: Swinging Strike 1-2: Strikes out looking
|
Batting: RHB Erik Mulligan
|
0-0: Called Strike 0-1: Called Strike 0-2: Strikes out swinging
|
Batting: RHB Rafael Galicia
|
0-0: Ball 1-0: Swinging Strike 1-1: Ball 2-1: Called Strike 2-2: Strikes out looking
|
Top of the 5th over - 2 runs, 2 hits, 0 errors, 1 left on base; Chester 5 - New Jersey 0 |
BOTTOM OF THE 5TH |
New Jersey Devils batting - Pitching for Chester Pirates : RHP Andres Guillen
|
Batting: SHB Ernesto Mazas
|
0-0: Ball 1-0: Ground out 4-3 (Groundball, 4, EV 85.6 MPH)
|
Batting: RHB Oscar Ramirez
|
0-0: Ball 1-0: Fly out, F8 (Flyball, 8LD, EV 100.6 MPH)
|
Batting: RHB Carlos Saldivar
|
0-0: Ball 1-0: Foul Ball, location: 2F 1-1: Foul Ball, location: 2F 1-2: Strikes out swinging
|
Bottom of the 5th over - 0 runs, 0 hits, 0 errors, 0 left on base; Chester 5 - New Jersey 0 |
TOP OF THE 6TH |
Chester Pirates batting - Pitching for New Jersey Devils : RHP Jean-Pierre Carpentier
|
Batting: LHB Damien Cohen
|
0-0: Called Strike 0-1: Ground out U3 (Groundball, 34, EV 101.9 MPH)
|
Batting: RHB Matt Derrien
|
0-0: Called Strike 0-1: Called Strike 0-2: Strikes out swinging
|
Pinch Hitting: RHB Ryan Thurston
|
0-0: Ball 1-0: Called Strike 1-1: Ground out 5-3 (Groundball, 56, EV 89.4 MPH)
|
Top of the 6th over - 0 runs, 0 hits, 0 errors, 0 left on base; Chester 5 - New Jersey 0 |
BOTTOM OF THE 6TH |
New Jersey Devils batting - Pitching for Chester Pirates : RHP Andres Guillen
|
Now in LF: Ryan Thurston
|
|
Batting: LHB Randolph Brodbeck
|
0-0: Ball 1-0: SINGLE (Groundball, 34, EV 100.0 MPH)
|
Batting: RHB Eric Zylstra
|
0-0: Fly out, F5 (Popup, 5SF, EV 80.0 MPH)
|
Batting: RHB Chris Artz
|
0-0: Ball 1-0: SINGLE (Line Drive, 78S, EV 111.9 MPH) Randolph Brodbeck to second
|
Batting: LHB Lupe Garcia
|
0-0: Foul Ball, location: 2F 0-1: Called Strike 0-2: Ball 1-2: Ball 2-2: Grounds into double play, 5-4-3 (Groundball, 56, EV 86.2 MPH)
|
Bottom of the 6th over - 0 runs, 2 hits, 0 errors, 1 left on base; Chester 5 - New Jersey 0 |
TOP OF THE 7TH |
Chester Pirates batting - Pitching for New Jersey Devils : RHP Jean-Pierre Carpentier
|
Batting: RHB Ryan LeSueur
|
0-0: Ball 1-0: Swinging Strike 1-1: Swinging Strike 1-2: Strikes out swinging
|
Batting: RHB Hidesuke Yoshida
|
0-0: Ball 1-0: Ball 2-0: Foul Ball, location: 2F 2-1: Called Strike 2-2: Foul Ball, location: 2F 2-2: Strikes out swinging
|
Batting: RHB Ricky Alvarado
|
0-0: Ball 1-0: Called Strike 1-1: Ball 2-1: Swinging Strike 2-2: Ground out 6-3 (Groundball, 6, EV 103.1 MPH)
|
Top of the 7th over - 0 runs, 0 hits, 0 errors, 0 left on base; Chester 5 - New Jersey 0 |
BOTTOM OF THE 7TH |
New Jersey Devils batting - Pitching for Chester Pirates : RHP Andres Guillen
|
Pitching: LHP Juan Hernandez
|
|
Batting: RHB Craig Alvarado
|
0-0: Ball 1-0: Ball 2-0: Foul Ball, location: 2F 2-1: Fly out, F8 (Flyball, 8LD, EV 85.6 MPH)
|
Batting: RHB Sergio Andrada
|
0-0: Ball 1-0: Ball 2-0: Called Strike 2-1: Foul Ball, location: 2F 2-2: Ground out 4-3 (Groundball, 4, EV 79.4 MPH)
|
Batting: SHB Ernesto Mazas
|
0-0: Ball 1-0: Foul Ball, location: 2F 1-1: Fly out, F8 (Flyball, 8RD, EV 77.5 MPH)
|
Bottom of the 7th over - 0 runs, 0 hits, 0 errors, 0 left on base; Chester 5 - New Jersey 0 |
TOP OF THE 8TH |
Chester Pirates batting - Pitching for New Jersey Devils : RHP Jean-Pierre Carpentier
|
Batting: RHB Jason Rhodes
|
0-0: Called Strike 0-1: Ball 1-1: Called Strike 1-2: Ball 2-2: Strikes out swinging
|
Batting: RHB Erik Mulligan
|
0-0: Ball 1-0: Called Strike 1-1: Foul Ball, location: 2F 1-2: Strikes out swinging
|
Batting: RHB Rafael Galicia
|
0-0: Foul Ball, location: 2F 0-1: Ball 1-1: Ball 2-1: Swinging Strike 2-2: Strikes out swinging
|
Top of the 8th over - 0 runs, 0 hits, 0 errors, 0 left on base; Chester 5 - New Jersey 0 |
BOTTOM OF THE 8TH |
New Jersey Devils batting - Pitching for Chester Pirates : LHP Juan Hernandez
|
Batting: RHB Oscar Ramirez
|
0-0: Ball 1-0: Fly out, F9 (Flyball, 9LM, EV 75.0 MPH)
|
Batting: RHB Carlos Saldivar
|
0-0: Swinging Strike 0-1: Ball 1-1: Foul Ball, location: 2F 1-2: Foul Ball, location: 2F 1-2: Ball 2-2: Ball 3-2: Strikes out swinging
|
Pinch Hitting: SHB Tyler Maddux
|
0-0: Ball 1-0: Ball 2-0: Ball 3-0: Base on Balls
|
Batting: RHB Eric Zylstra
|
0-0: Called Strike 0-1: Ball 1-1: Called Strike 1-2: Foul Ball, location: 2F 1-2: Strikes out swinging
|
Bottom of the 8th over - 0 runs, 0 hits, 0 errors, 1 left on base; Chester 5 - New Jersey 0 |
TOP OF THE 9TH |
Chester Pirates batting - Pitching for New Jersey Devils : RHP Jean-Pierre Carpentier
|
Now at 2B: Craig Alvarado
|
|
Now at 3B: Tyler Maddux
|
|
Now in CF: Eric Zylstra
|
|
Batting: LHB Damien Cohen
|
0-0: Called Strike 0-1: Ball 1-1: Called Strike 1-2: Foul Ball, location: 2F 1-2: Strikes out swinging
|
Batting: RHB Matt Derrien
|
0-0: Called Strike 0-1: Ball 1-1: Swinging Strike 1-2: Strikes out swinging
|
Batting: RHB Ryan Thurston
|
0-0: Called Strike 0-1: Foul Ball, location: 2F 0-2: Ball 1-2: Foul Ball, location: 2F 1-2: Strikes out swinging
|
Top of the 9th over - 0 runs, 0 hits, 0 errors, 0 left on base; Chester 5 - New Jersey 0 |
BOTTOM OF THE 9TH |
New Jersey Devils batting - Pitching for Chester Pirates : LHP Juan Hernandez
|
Batting: RHB Chris Artz
|
0-0: Called Strike 0-1: Ball 1-1: Foul Ball, location: 2F 1-2: Ball 2-2: Ball 3-2: Base on Balls
|
Pinch Hitting: RHB Bill Crogan
|
0-0: Grounds into double play, 6-4-3 (Groundball, 6, EV 77.5 MPH)
|
Pinch Hitting: SHB Alex Cavazos
|
0-0: Swinging Strike 0-1: Called Strike 0-2: Strikes out swinging
|
Bottom of the 9th over - 0 runs, 0 hits, 0 errors, 0 left on base; Chester 5 - New Jersey 0 |
|